 Dungeon Crawl Stone Soup version 0.31-a0-174-g85c54bcb58 (webtiles) character file.

Game seed: 8752906353849705702

59266 qw the Marksgargoyle (level 14, -2/92 HPs)
             Began as a Gargoyle Hunter on June 16, 2023.
             Was an Elder of Okawaru.
             Slain by a skeletal warrior
             ... wielding a +0 trident
              (15 damage)
             ... on level 14 of the Dungeon.
             The game lasted 00:06:45 (14306 turns).

qw the Marksgargoyle (Gargoyle Hunter)             Turns: 14306, Time: 00:06:46

Health: -2/92      AC: 33    Str: 20    XL:     14   Next: 94%
Magic:  18/21      EV: 25    Int: 16    God:    Okawaru [****..]
Gold:   1015       SH:  0    Dex: 23    Spells: 13/13 levels left

rFire   . . .        s - +6 triple crossbow of Okawaru's Displeasure {flame, Drain Will+++ Int+5}
rCold   . . .        (shield currently unavailable)
rNeg    + . .        g - +5 ring mail of Elyvilon's Fury {Str+5}
rPois   inf          A - +2 helmet
rElec   +            i - +2 cloak
rCorr   .            (no gloves)
SInv    .            m - +2 pair of boots {Fly}
Will    ++++.        x - amulet of faith
Stlth   +++          o - +6 ring of dexterity
HPRegen 0.35/turn    l - +5 ring of evasion
MPRegen 0.17/turn

%: faith
@: about to teleport, heroic, flying
A: sickness immunity, AC +10, big wings, negative energy resistance 1,
electricity resistance, torment resistance 1, petrification resistance
a: Renounce Religion, Heroism, Finesse


You were on level 14 of the Dungeon.
You worshipped Okawaru.
Okawaru was greatly pleased with you.
You visited 3 branches of the dungeon, and saw 19 of its levels.

You collected 1213 gold pieces.
You spent 198 gold pieces at shops.


Innate Abilities, Weirdness & Mutations

You are immune to sickness and miasma.
Your stone body is resilient. (AC +10)
You are immune to poison.
Your large and strong wings let you fly.
You resist negative energy. (rN+)
You are resistant to electric shocks. (rElec)
You are resistant to unholy torment.
You are immune to petrification.


   Skills:
 + Level 12.7(17.7) Fighting
 - Level 19.0(24.0) Ranged Weapons
 - Level 7.0(12.0) Armour
 - Level 7.0(12.0) Dodging
 - Level 1.1(6.1) Stealth
 - Level 10.0 Invocations


You had 13 spell levels left.
You didn't know any spells.
Your spell library was empty.

Inventory:

Hand Weapons
 f - the +8 longbow "Zephyr" {speed, Dex+3 SInv}
   (You acquired it on level 9 of the Dungeon)

   Dex:       It affects your dexterity (+3).
   SInv:      It lets you see invisible.
 s - the +6 triple crossbow of Okawaru's Displeasure (weapon) {flame, Drain Will+++ Int+5}
   (Okawaru gifted it to you on level 5 of the Lair of Beasts)

   Int:       It affects your intelligence (+5).
   Drain:     It drains your maximum health when unequipped.
   Will:      It greatly increases your willpower.
 u - a +0 longbow
Armour
 d - a +1 leather armour of cold resistance
 g - the +5 ring mail of Elyvilon's Fury (worn) {Str+5}
   (You found it on level 6 of the Dungeon)

   Str:       It affects your strength (+5).
 i - a +2 cloak (worn)
 m - a +2 pair of boots of flying (worn)
 p - the +0 pair of boots "Omimovim" {Will+ rCorr}
   (Okawaru gifted it to you on level 4 of the Lair of Beasts)

   rCorr:     It protects you from acid and corrosion.
   Will:      It increases your willpower.
 y - +0 acid dragon scales
 A - a +2 helmet (worn)
Jewellery
 h - an amulet of reflection
 l - a +5 ring of evasion (right hand)
 o - a +6 ring of dexterity (left hand)
 v - a ring of resist corrosion
 x - an amulet of faith (around neck)
 G - the ring of Equivalence {Fire Int+5}
   (You acquired it on level 5 of the Lair of Beasts)

   [ring of fire]

   It enhances your fire magic.
   Int:       It affects your intelligence (+5).
   rF:        It protects you from fire.
   rC:        It makes you vulnerable to cold.
Wands
 B - a wand of digging (7)
Scrolls
 b - 2 scrolls of identify
 r - 2 scrolls of brand weapon
 C - a scroll of enchant weapon
Potions
 c - 4 potions of resistance
 e - 3 potions of might
 j - a potion of mutation
 k - a potion of lignification
 n - 6 potions of attraction
 q - 3 potions of curing
 t - a potion of cancellation
 w - 3 potions of magic
 z - a potion of haste

Dungeon Overview and Level Annotations

Branches:
Dungeon (12/15)            Temple (1/1) D:4            Lair (5/5) D:9
 Shoals (0/4) Lair:2        Snake (0/4) Lair:2        Slime (0/5) Lair:4
    Orc (0/2) D:9

Altars:
Ashenzari
Cheibriados
Dithmenos
Elyvilon
Fedhas
Gozag
Hepliaklqana
Kikubaaqudgha
Makhleb
Nemelex Xobeh
Okawaru
Qazlal
Ru
Sif Muna
Trog
Uskayaw
Vehumet
Wu Jian
Xom
Yredelemnul
Zin
The Shining One

Shops:
D:1 :[   D:4 [*   D:6 (

Annotations:
Lair:4 3 runed translucent doors, Tunlugh's ghost, adept GrEE; qw's ghost, journeyman GrFi


Message History

You kill the eight-headed hydra!
The eight-headed hydra's corpse dissolves into shadows!
The slime creature completely misses you.
The slime creature hits you but does no damage.
Something misses you.
You shoot a bolt. The bolt hits the slime creature!!
The bolt burns the slime creature!
The slime creature is heavily wounded.
The skeletal warrior closely misses you.
You shoot a bolt. The bolt hits the slime creature!!
The bolt burns the slime creature!
You kill the slime creature!
The slime creature dissolves into shadows!
The very large slime creature misses you.
The slime creature hits you.
You hear some strange, mumbled words.
The basilisk hisses menacingly.
You shoot a bolt. The bolt hits the slime creature!
The bolt burns the slime creature.
The slime creature is moderately wounded.
Your hands slow down.
The skeletal warrior completely misses you.
Something hits you.
The slime creature completely misses you.
The very large slime creature hits you!!!
14305 ||| READING scroll of teleportation.
As you read the scroll of teleportation, it crumbles to dust.
You feel strangely unstable. The basilisk completely misses you.
The skeletal warrior closely misses you.
Something barely misses you.
The boulder beetle leaps!
The very large slime creature misses you.
The slime creature barely misses you.
You shoot a bolt. The bolt hits the slime creature!!!
The bolt burns the slime creature.
You kill the slime creature!
The slime creature dissolves into shadows!
The basilisk completely misses you.
The skeletal warrior hits you from afar with a +0 trident!
You die...

# #..... . #.
#......
..#.####[...)..
. .............
.. .%..........
...###..........
.....u.l.)z.....
......{u@....$..
......uJ........
###.u...........
.0..............
.##.............
##............
#............
###.#........ ..
#......


You could see 4 ugly things, a skeletal warrior, a very large slime creature
(summoned) and a basilisk (summoned).

Vanquished Creatures
  Rupert (Lair:4)
  A dire elephant (Lair:5)
  A fire dragon (Lair:5)
  Harold (D:9)
  5 hydras
  Erica (D:11)
  4 catoblepae
  6 death yaks (Lair:5)
  5 two-headed ogres
  A skyshark (Lair:2)
  5 skeletal warriors
  A deep troll (D:11)
  Pikel (D:6)
  A swamp dragon (Lair:5)
  A lindwurm (Lair:5)
  3 manticores
  An oklob plant (Lair:2)
  A cyclops (D:11)
  4 elephants
  5 black mambas
  A torpor snail (Lair:5)
  2 gargoyles
  17 cane toads
  13 rime drakes
  A kobold demonologist (D:11)
  An ice devil (D:10)
  10 komodo dragons
  A queen bee (D:11)
  3 polar bears
  A hornet (D:11)
  18 blink frogs
  2 dream sheep (Lair:5)
  2 slime creatures (Lair:4)
  A wraith (D:6)
  12 wyverns
  A vampire (D:10)
  34 yaks
  7 basilisks
  2 steam dragons
  An acid dragon (Lair:5)
  2 nagas (Lair:2)
  13 water moccasins
  2 swamp drakes (Lair:5)
  3 orc warriors
  An ice beast (D:6)
  A sky beast (D:7)
  4 ogres
  A boggart (D:14)
  2 centaurs
  6 wolves
  3 lemures (D:6)
  A phantom (D:5)
  2 kobold brigands
  17 bullfrogs
  A gnoll sergeant (D:10)
  A scorpion (D:5)
  16 wights
  30 killer bees
  3 howler monkeys
  An electric eel (Lair:2)
  A quasit (D:10)
  5 orc priests
  5 jellies
  2 sleepcaps
  7 iguanas
  13 orc wizards
  8 hell rats (Lair:3)
  A hound zombie (D:3)
  Robin (D:4)
  5 gnolls (D:10)
  7 adders
  A shadow imp (D:6)
  3 white imps
  2 adder zombies (D:3)
  A worm (D:5)
  46 orcs
  5 ball pythons
  5 bats
  4 endoplasms
  5 giant cockroaches
  10 hobgoblins
  14 kobolds
  2 quokkas
  3 training dummies (D:6)
  A frilled lizard (D:3)
  20 goblins
  A quokka zombie (D:3)
  6 rats
473 creatures vanquished.

Notes
Turn   | Place    | Note
-------+----------+-------------------------------------------
     0 | D:1      | qw the Gargoyle Hunter began the quest for the Orb.
     0 | D:1      | Reached XP level 1. HP: 12/12 MP: 1/1
     0 | D:1      | 0 ||| qw: Version: 0.2-a-29-g511e9b1
     0 | D:1      | 0 ||| qw: Game counter: 5643
     0 | D:1      | 0 ||| qw: Always use a shield: true
     0 | D:1      | 0 ||| qw: God list: Okawaru
     0 | D:1      | 0 ||| qw: Allow faded altars: false
     0 | D:1      | 0 ||| qw: Do Orc after D:15 true
     0 | D:1      | 0 ||| qw: Do second Lair branch before Depths: true
     0 | D:1      | 0 ||| qw: Lair rune preference: random
     0 | D:1      | 0 ||| qw: Plans: Normal, Zot:1-4, Slime:5, God:TSO, Crypt,
                  | Tomb, Abyss, Pan, Hells, Win
     0 | D:1      | 0 ||| PLANNING D:1-11
   125 | D:1      | Found Xote's Armour Shop.
   149 | D:1      | Reached XP level 2. HP: 17/17 MP: 2/2
   152 | D:1      | 152 ||| SHOPLISTING +0 cloak of Minor Irritation {rC+ Str+3
                  | Int+6} (523 gold, have 5).
   152 | D:1      | 152 ||| SHOPLISTING +0 pair of boots (63 gold, have 5).
   152 | D:1      | 152 ||| SHOPLISTING +2 pair of boots of rampaging (301
                  | gold, have 5).
   614 | D:1      | Found Acoto's Book Boutique.
   661 | D:1      | 661 ||| UPGRADING to +0 ring mail.
   671 | D:1      | 671 ||| DROPPING +0 leather armour.
   672 | D:1      | 672 ||| UPGRADING to +2 cloak.
   677 | D:1      | 677 ||| UPGRADING to amulet of reflection.
   682 | D:1      | 682 ||| READING scroll labelled PAZUWK ECSAW.
   683 | D:1      | 683 ||| READING scroll labelled XIUSOERRECK.
   684 | D:1      | 684 ||| READING scroll labelled MAS NATSU ZAM.
   685 | D:1      | 685 ||| READING 2 scrolls labelled UNNUOGAFUE.
   686 | D:1      | 686 ||| DROPPING scroll of butterflies.
   687 | D:1      | 687 ||| DROPPING scroll of noise.
   925 | D:2      | Reached skill level 1 in Armour
   925 | D:2      | Reached XP level 3. HP: 21/21 MP: 3/3
  1264 | D:2      | 1264 ||| UPGRADING to +1 leather armour of cold resistance.
  1274 | D:2      | 1274 ||| DROPPING +0 ring mail.
  1275 | D:2      | 1275 ||| READING scroll labelled ALENUHOENY.
  1278 | D:2      | 1278 ||| READING scroll labelled NIEBEU XYGIURGH.
  1331 | D:3      | Found a basalt altar of Yredelemnul.
  1339 | D:3      | Reached skill level 5 in Ranged Weapons
  1365 | D:3      | Reached XP level 4. HP: 27/27 MP: 4/4
  1786 | D:3      | Reached skill level 3 in Fighting
  1852 | D:3      | 1852 ||| READING scroll labelled XIMMEL FO HUA.
  1853 | D:3      | 1853 ||| DRINKING 2 fizzy orange potions.
  1854 | D:3      | 1854 ||| READING 2 scrolls of identify.
  1854 | D:3      | 1854 ||| IDENTIFYING silvery potion
  1869 | D:4      | Found Fogreol's General Store.
  1877 | D:4      | 1877 ||| SHOPLISTING +6 ring of dexterity (396 gold, have
                  | 73).
  1877 | D:4      | 1877 ||| BUYING 2 potions of attraction (66 gold).
  1877 | D:4      | Bought 2 potions of attraction for 66 gold pieces
  1877 | D:4      | 1877 ||| SHOPLISTING ring of see invisible (165 gold, have
                  | 7).
  1877 | D:4      | 1877 ||| SHOPLISTING scroll of identify (22 gold, have 7).
  1877 | D:4      | 1877 ||| SHOPLISTING scroll of teleportation (33 gold, have
                  | 7).
  1895 | D:4      | Found a sacrificial altar of Ru.
  1910 | D:4      | Reached XP level 5. HP: 29/32 MP: 5/5
  1940 | D:4      | Reached skill level 6 in Ranged Weapons
  2105 | D:4      | Found an opulent altar of Gozag.
  2146 | D:4      | Found a staircase to the Ecumenical Temple.
  2147 | D:4      | 2147 ||| PLANNING TEMPLE
  2147 | D:4      | 2147 ||| UPGRADING to +6 ring of dexterity.
  2148 | D:4      | 2148 ||| DRINKING 2 emerald potions.
  2158 | Temple   | Entered the Ecumenical Temple
  2222 | Temple   | 2222 ||| PLANNING OKAWARU WORSHIP
  2317 | Temple   | Became a worshipper of Warmaster Okawaru
  2318 | Temple   | 2318 ||| PLANNING D:1-11
  2400 | D:4      | 2400 ||| DRINKING potion of curing.
  2400 | D:4      | 2400 ||| (to cure confusion)
  2534 | D:4      | Reached XP level 6. HP: 38/38 MP: 6/6
  2627 | D:4      | Noticed Robin
  2639 | D:4      | Killed Robin
  2659 | D:4      | Reached skill level 7 in Ranged Weapons
  2659 | D:4      | Reached XP level 7. HP: 33/43 MP: 7/7
  2662 | D:4      | Reached * piety under Okawaru
  2663 | D:4      | 2663 ||| INVOKING Heroism.
  2896 | D:4      | Found Mameijyrr's Antique Armour Boutique.
  2901 | D:4      | 2901 ||| SHOPLISTING runed helmet (142 gold, have 60).
  3275 | D:4      | 3275 ||| UPGRADING to +0 helmet.
  3280 | D:4      | 3280 ||| READING 3 scrolls of identify.
  3280 | D:4      | 3280 ||| IDENTIFYING white potion
  3281 | D:4      | 3281 ||| READING 2 scrolls of identify.
  3281 | D:4      | 3281 ||| IDENTIFYING bubbling inky potion
  3282 | D:4      | 3282 ||| DROPPING potion of invisibility.
  3283 | D:4      | 3283 ||| DROPPING potion of degeneration.
  3323 | D:5      | Entered Level 5 of the Dungeon
  3361 | D:5      | Reached skill level 8 in Ranged Weapons
  3698 | D:5      | 3698 ||| INVOKING Heroism.
  3852 | D:5      | Reached skill level 1 in Invocations
  3864 | D:5      | 3864 ||| DROPPING ring of flight.
  3865 | D:5      | 3865 ||| UPGRADING to ring of resist corrosion.
  3866 | D:5      | 3866 ||| READING scroll labelled NOWOLAIMOE.
  3866 | D:5      | Identified a scroll of acquirement
  3866 | D:5      | 3866 ||| ACQUIRING +7 shortbow of freezing
  3866 | D:5      | Acquired a +7 shortbow of freezing
  3868 | D:5      | 3868 ||| UPGRADING to +7 shortbow of freezing.
  3869 | D:5      | 3869 ||| DROPPING +0 shortbow of chaos.
  3870 | D:5      | 3870 ||| READING scroll labelled DEZXEY GAOGG.
  3871 | D:5      | 3871 ||| READING scroll labelled DAIXKA POFUNN.
  3972 | D:5      | 3972 ||| DRINKING 2 lumpy white potions.
  3973 | D:5      | 3973 ||| READING 2 scrolls of identify.
  3973 | D:5      | 3973 ||| IDENTIFYING bubbling puce potion
  3995 | D:6      | 3995 ||| INVOKING Heroism.
  4000 | D:6      | Reached XP level 8. HP: 49/49 MP: 6/9
  4032 | D:6      | 4032 ||| INVOKING Heroism.
  4078 | D:6      | Reached skill level 3 in Invocations
  4126 | D:6      | 4126 ||| INVOKING Heroism.
  4135 | D:6      | Noticed a wraith
  4153 | D:6      | Killed a wraith
  4202 | D:6      | Reached skill level 9 in Ranged Weapons
  4226 | D:6      | Found Saconaq's Firing Range.
  4238 | D:6      | 4238 ||| INVOKING Heroism.
  4238 | D:6      | Noticed Pikel
  4248 | D:6      | Killed Pikel
  4249 | D:6      | Reached XP level 9. HP: 37/54 MP: 10/12
  4309 | D:6      | Identified the +5 ring mail of Elyvilon's Fury {Str+5}
  4316 | D:6      | 4316 ||| BUYING +0 arbalest (54 gold).
  4316 | D:6      | Bought a +0 arbalest for 54 gold pieces
  4316 | D:6      | 4316 ||| BUYING +0 longbow (78 gold).
  4316 | D:6      | Bought a +0 longbow for 78 gold pieces
  4316 | D:6      | 4316 ||| SHOPLISTING +0 triple crossbow (120 gold, have
                  | 60).
  4316 | D:6      | 4316 ||| UPGRADING to +0 arbalest.
  4317 | D:6      | 4317 ||| UPGRADING to +0 longbow.
  4318 | D:6      | 4318 ||| DROPPING +0 arbalest.
  4319 | D:6      | 4319 ||| DROPPING +7 shortbow of freezing.
  4428 | D:6      | Found a hazy altar of Hepliaklqana.
  4429 | D:6      | Found a shimmering altar of Xom.
  4430 | D:6      | Noticed a spectral ugly thing
  4650 | D:6      | Reached skill level 6 in Fighting
  4735 | D:6      | 4735 ||| UPGRADING to +5 ring mail of Elyvilon's Fury
                  | {Str+5}.
  4745 | D:6      | 4745 ||| DROPPING amulet of magic regeneration.
  4746 | D:6      | 4746 ||| UPGRADING to ring of see invisible.
  4765 | D:7      | 4765 ||| INVOKING Heroism.
  4766 | D:7      | 4766 ||| Stepping ~*~*~tactically~*~*~ (outnumbered).
  4780 | D:7      | HP: 11/55 [orc priest/divine providence (10)]
  4781 | D:7      | 4781 ||| READING 2 scrolls of teleportation.
  4782 | D:7      | 4782 ||| DRINKING 2 potions of heal wounds.
  4786 | D:7      | Reached ** piety under Okawaru
  4852 | D:7      | 4852 ||| INVOKING Heroism.
  4877 | D:7      | Found a snail-covered altar of Cheibriados.
  4960 | D:7      | Found a radiant altar of Vehumet.
  4961 | D:7      | 4961 ||| INVOKING Heroism.
  4972 | D:7      | HP: 13/55 [wight/+2 scimitar (2)]
  4973 | D:7      | 4973 ||| READING scroll of teleportation.
  4974 | D:7      | 4974 ||| DRINKING potion of heal wounds.
  5091 | D:7      | Reached skill level 10 in Ranged Weapons
  5097 | D:7      | Reached skill level 3 in Armour
  5134 | D:7      | 5134 ||| INVOKING Heroism.
  5251 | D:7      | 5251 ||| INVOKING Heroism.
  5313 | D:7      | 5313 ||| Stepping ~*~*~tactically~*~*~ (outnumbered).
  5447 | D:7      | Found a bloodstained altar of Trog.
  5453 | D:7      | 5453 ||| Stepping ~*~*~tactically~*~*~ (outnumbered).
  5455 | D:7      | 5455 ||| Stepping ~*~*~tactically~*~*~ (outnumbered).
  5460 | D:7      | 5460 ||| Stepping ~*~*~tactically~*~*~ (outnumbered).
  5466 | D:7      | 5466 ||| Stepping ~*~*~tactically~*~*~ (outnumbered).
  5502 | D:7      | 5502 ||| DROPPING amulet of the acrobat.
  5503 | D:7      | 5503 ||| READING 2 scrolls of identify.
  5503 | D:7      | 5503 ||| IDENTIFYING fuming amethyst potion
  5537 | D:8      | 5537 ||| STAIRDANCE
  5545 | D:7      | 5545 ||| INVOKING Heroism.
  5648 | D:8      | Reached XP level 10. HP: 63/63 MP: 13/13
  5818 | D:8      | Reached skill level 11 in Ranged Weapons
  5908 | D:8      | Noticed a two-headed ogre
  5909 | D:8      | 5909 ||| INVOKING Heroism.
  5917 | D:8      | Killed a two-headed ogre
  6068 | D:8      | Noticed a two-headed ogre
  6069 | D:8      | 6069 ||| INVOKING Heroism.
  6075 | D:8      | Killed a two-headed ogre
  6236 | D:8      | Reached *** piety under Okawaru
  6575 | D:9      | Reached skill level 12 in Ranged Weapons
  6612 | D:9      | Found Mylur's Jewellery Boutique.
  6621 | D:9      | 6621 ||| Stepping ~*~*~tactically~*~*~ (outnumbered).
  6623 | D:9      | 6623 ||| Stepping ~*~*~tactically~*~*~ (outnumbered).
  6637 | D:9      | 6637 ||| Stepping ~*~*~tactically~*~*~ (outnumbered).
  6669 | D:9      | Found an ornate altar of the Wu Jian Council.
  6721 | D:9      | 6721 ||| READING scroll of acquirement.
  6721 | D:9      | 6721 ||| ACQUIRING +8 longbow "Zephyr" {speed, Dex+3 SInv}
  6721 | D:9      | Acquired the +8 longbow "Zephyr" {speed, Dex+3 SInv}
  6721 | D:9      | Found the +8 longbow "Zephyr" {speed, Dex+3 SInv}
  6723 | D:9      | 6723 ||| UPGRADING to +8 longbow "Zephyr" {speed, Dex+3
                  | SInv}.
  6724 | D:9      | 6724 ||| REMOVING ring of see invisible.
  6822 | D:9      | Found a staircase to the Orcish Mines.
  6898 | D:9      | 6898 ||| INVOKING Heroism.
  6916 | D:9      | Found a flagged portal.
  6987 | D:9      | 6987 ||| INVOKING Heroism.
  7010 | D:9      | Noticed a two-headed ogre
  7011 | D:9      | 7011 ||| INVOKING Heroism.
  7011 | D:9      | Noticed Harold
  7019 | D:9      | Killed a two-headed ogre
  7020 | D:9      | Reached skill level 13 in Ranged Weapons
  7020 | D:9      | Reached XP level 11. HP: 69/69 MP: 11/14
  7024 | D:9      | Killed Harold
  7392 | D:9      | Found a staircase to the Lair.
  7453 | D:9      | 7453 ||| PLANNING LAIR
  7453 | D:9      | 7453 ||| UPGRADING to amulet of faith.
  7463 | D:9      | 7463 ||| UPGRADING to ring of willpower.
  7464 | D:9      | 7464 ||| READING scroll labelled WOPROI OGIZAS.
  7465 | D:9      | 7465 ||| DRINKING 2 lumpy clear potions.
  7466 | D:9      | 7466 ||| READING 2 scrolls of identify.
  7466 | D:9      | 7466 ||| IDENTIFYING sapphire potion
  7467 | D:9      | 7467 ||| DROPPING potion of brilliance.
  7499 | Lair:1   | Entered Level 1 of the Lair of Beasts
  7500 | Lair:1   | 7500 ||| INVOKING Heroism.
  7505 | Lair:1   | Reached skill level 9 in Fighting
  7534 | Lair:1   | Noticed a catoblepas
  7535 | Lair:1   | 7535 ||| INVOKING Heroism.
  7553 | Lair:1   | Killed a catoblepas
  7553 | Lair:1   | Reached **** piety under Okawaru
  7807 | Lair:1   | 7807 ||| INVOKING Heroism.
  7862 | Lair:1   | 7862 ||| INVOKING Heroism.
  7900 | Lair:1   | 7900 ||| INVOKING Heroism.
  7907 | Lair:1   | Reached skill level 14 in Ranged Weapons
  8100 | Lair:1   | 8100 ||| INVOKING Heroism.
  8106 | Lair:1   | Reached skill level 6 in Invocations
  8383 | Lair:1   | 8383 ||| READING 5 scrolls of identify.
  8383 | Lair:1   | 8383 ||| IDENTIFYING bubbling orange potion
  8384 | Lair:1   | 8384 ||| READING 4 scrolls of identify.
  8384 | Lair:1   | 8384 ||| IDENTIFYING bubbling cyan potion
  8385 | Lair:1   | 8385 ||| DROPPING potion of enlightenment.
  8411 | Lair:2   | Noticed an oklob plant
  8412 | Lair:2   | 8412 ||| INVOKING Heroism.
  8417 | Lair:2   | Killed an oklob plant
  8418 | Lair:2   | Reached ***** piety under Okawaru
  8427 | Lair:2   | Received a gift from Okawaru
  8607 | Lair:2   | 8607 ||| INVOKING Heroism.
  8618 | Lair:2   | Reached XP level 12. HP: 77/77 MP: 15/17
  8842 | Lair:2   | Found a staircase to the Snake Pit.
  8848 | Lair:2   | Noticed a skyshark
  8856 | Lair:2   | Killed a skyshark
  8864 | Lair:2   | 8864 ||| Stepping ~*~*~tactically~*~*~ (water).
  8895 | Lair:2   | Reached skill level 6 in Dodging
  8901 | Lair:2   | Found a staircase to the Shoals.
  9122 | Lair:2   | 9122 ||| DROPPING +0 robe of positive energy.
  9151 | Lair:3   | 9151 ||| INVOKING Heroism.
  9182 | Lair:3   | Received a gift from Okawaru
  9205 | Lair:3   | Reached skill level 9 in Invocations
  9268 | Lair:3   | Noticed a six-headed hydra
  9269 | Lair:3   | 9269 ||| INVOKING Heroism.
  9274 | Lair:3   | Killed a six-headed hydra
  9407 | Lair:3   | 9407 ||| INVOKING Heroism.
  9501 | Lair:3   | 9501 ||| INVOKING Heroism.
  9523 | Lair:3   | Reached skill level 15 in Ranged Weapons
  9554 | Lair:3   | HP: 11/77 [rime drake/icy flash freeze (20)]
  9555 | Lair:3   | 9555 ||| READING scroll of teleportation.
  9559 | Lair:3   | HP: 8/77 [rime drake (4)]
  9567 | Lair:3   | 9567 ||| FLEEEEING.
  9568 | Lair:3   | 9568 ||| FLEEEEING.
  9569 | Lair:3   | 9569 ||| STAIRDANCE
  9775 | Lair:2   | 9775 ||| UPGRADING to +1 pair of boots of flying.
  9780 | Lair:2   | 9780 ||| UPGRADING to +5 ring of evasion.
  9782 | Lair:2   | 9782 ||| DROPPING ring of see invisible.
  9783 | Lair:2   | 9783 ||| DROPPING ring of willpower.
  9784 | Lair:2   | 9784 ||| READING scroll labelled TAJUYNINEW.
  9787 | Lair:3   | 9787 ||| INVOKING Heroism.
  9791 | Lair:3   | Reached XP level 13. HP: 61/82 MP: 17/20
  9967 | Lair:3   | 9967 ||| INVOKING Heroism.
  9970 | Lair:3   | 9970 ||| INVOKING Finesse.
  9980 | Lair:3   | Reached skill level 16 in Ranged Weapons
 10363 | Lair:4   | Received a gift from Okawaru
 10483 | Lair:4   | 10483 ||| INVOKING Heroism.
 10487 | Lair:4   | Reached skill level 6 in Armour
 10520 | Lair:4   | Found a staircase to the Slime Pits.
 10546 | Lair:4   | 10546 ||| INVOKING Heroism.
 10614 | Lair:4   | 10614 ||| INVOKING Heroism.
 10679 | Lair:4   | 10679 ||| INVOKING Heroism.
 10763 | Lair:4   | 10763 ||| INVOKING Heroism.
 11141 | Lair:4   | Found a runed translucent gate.
 11141 | Lair:4   | Found a runed translucent gate.
 11142 | Lair:4   | Found a runed translucent gate.
 11144 | Lair:4   | Noticed qw's ghost (journeyman GrFi)
 11144 | Lair:4   | Noticed Tunlugh's ghost (adept GrEE)
 11147 | Lair:4   | 11147 ||| READING 3 scrolls of identify.
 11147 | Lair:4   | 11147 ||| IDENTIFYING sedimented pink potion
 11148 | Lair:4   | 11148 ||| READING 2 scrolls of identify.
 11148 | Lair:4   | 11148 ||| IDENTIFYING fizzy yellow potion
 11149 | Lair:4   | 11149 ||| DROPPING potion of berserk rage.
 11182 | Lair:5   | Entered Level 5 of the Lair of Beasts
 11203 | Lair:5   | Identified the +5 chain mail of Dithmenos, Devouring {rF+}
 11238 | Lair:5   | 11238 ||| INVOKING Heroism.
 11300 | Lair:5   | 11300 ||| INVOKING Heroism.
 11406 | Lair:5   | 11406 ||| INVOKING Heroism.
 11464 | Lair:5   | Noticed a fire dragon
 11465 | Lair:5   | 11465 ||| INVOKING Heroism.
 11466 | Lair:5   | 11466 ||| INVOKING Finesse.
 11474 | Lair:5   | Killed a fire dragon
 11475 | Lair:5   | 11475 ||| Stepping ~*~*~tactically~*~*~ (cloud).
 11477 | Lair:5   | 11477 ||| Stepping ~*~*~tactically~*~*~ (cloud).
 11494 | Lair:5   | Identified the +6 triple crossbow of Okawaru's Displeasure
                  | {flame, Drain Will+++ Int+5} (Okawaru gifted it to you on
                  | level 5 of the Lair of Beasts)
 11494 | Lair:5   | Received a gift from Okawaru
 11520 | Lair:5   | 11520 ||| UPGRADING to +6 triple crossbow of Okawaru's
                  | Displeasure {flame, Drain Will+++ Int+5}.
 11597 | Lair:5   | 11597 ||| INVOKING Heroism.
 11598 | Lair:5   | 11598 ||| INVOKING Finesse.
 11601 | Lair:5   | Reached skill level 17 in Ranged Weapons
 11647 | Lair:5   | 11647 ||| INVOKING Heroism.
 11651 | Lair:5   | Gained mutation: Your large and strong wings let you fly.
                  | [Gargoyle growth]
 11651 | Lair:5   | Reached XP level 14. HP: 89/90 MP: 18/21
 11691 | Lair:5   | 11691 ||| INVOKING Heroism.
 11732 | Lair:5   | 11732 ||| INVOKING Heroism.
 11738 | Lair:5   | Noticed a dire elephant
 11740 | Lair:5   | Reached skill level 18 in Ranged Weapons
 11743 | Lair:5   | Killed a dire elephant
 11761 | Lair:5   | Found the amulet of the Air {Inacc Air Fly rElec RMsl}
 11770 | Lair:5   | Identified the ring "Qyrghet" {Fly Int+2}
 12031 | Lair:5   | 12031 ||| INVOKING Heroism.
 12032 | Lair:5   | 12032 ||| INVOKING Finesse.
 12035 | Lair:5   | Reached skill level 12 in Fighting
 12116 | Lair:5   | 12116 ||| READING scroll of acquirement.
 12116 | Lair:5   | 12116 ||| ACQUIRING ring of Equivalence {Fire Int+5}
 12116 | Lair:5   | Acquired the ring of Equivalence {Fire Int+5}
 12118 | Lair:5   | 12118 ||| DROPPING ring of positive energy.
 12139 | Lair:5   | Received a gift from Okawaru
 12502 | Lair:5   | 12502 ||| PLANNING D:1-11
 12502 | Lair:5   | 12502 ||| UPGRADING to +1 helmet.
 12512 | Lair:5   | 12512 ||| DROPPING +0 helmet.
 12513 | Lair:5   | 12513 ||| DROPPING scarf of invisibility.
 12514 | Lair:5   | 12514 ||| DROPPING amulet of guardian spirit.
 12515 | Lair:5   | 12515 ||| DROPPING ring "Qyrghet" {Fly Int+2}.
 12516 | Lair:5   | 12516 ||| READING scroll labelled USSIURCHOSAO.
 12517 | Lair:5   | 12517 ||| READING scroll labelled ZUSOATOMIU.
 12538 | Lair:4   | Noticed Rupert
 12539 | Lair:4   | 12539 ||| INVOKING Heroism.
 12540 | Lair:4   | 12540 ||| INVOKING Finesse.
 12548 | Lair:4   | Killed Rupert
 12548 | Lair:4   | Identified the +0 pair of boots "Omimovim" {Will+ rCorr}
                  | (Okawaru gifted it to you on level 4 of the Lair of Beasts)
 12548 | Lair:4   | Received a gift from Okawaru
 12663 | Lair:4   | 12663 ||| READING 2 scrolls of identify.
 12663 | Lair:4   | 12663 ||| IDENTIFYING metallic golden potion
 12664 | Lair:4   | 12664 ||| DROPPING potion of ambrosia.
 12774 | D:10     | Entered Level 10 of the Dungeon
 12805 | D:10     | 12805 ||| READING scroll of enchant armour.
 12805 | D:10     | 12805 ||| ENCHANTING +1 helmet.
 13524 | D:10     | 13524 ||| READING 2 scrolls labelled OPIAMUQOCI.
 13694 | D:11     | 13694 ||| INVOKING Heroism.
 13915 | D:11     | 13915 ||| INVOKING Heroism.
 14005 | D:11     | 14005 ||| INVOKING Heroism.
 14026 | D:11     | Reached skill level 19 in Ranged Weapons
 14039 | D:11     | 14039 ||| READING scroll of enchant armour.
 14039 | D:11     | 14039 ||| ENCHANTING +1 pair of boots of flying.
 14064 | D:11     | Noticed Erica
 14066 | D:11     | Killed Erica
 14231 | D:11     | 14231 ||| PLANNING D
 14231 | D:11     | 14231 ||| READING scroll labelled ZETHIL RAUC.
 14262 | D:12     | You are sucked into a shaft and drop 2 floors!
 14264 | D:14     | 14264 ||| INVOKING Heroism.
 14267 | D:14     | 14267 ||| INVOKING Finesse.
 14304 | D:14     | HP: 13/92 [very large slime creature[a boggart] (44)]
 14305 | D:14     | 14305 ||| READING scroll of teleportation.
 14306 | D:14     | Slain by a skeletal warrior

Levels and vault maps discovered:
D:1:      roderic_octagonal_star, layout_basic, serial_shops, shop,
          nicolae_book_shop_shelving, hex_medium
D:2:      layout_loops_cross
D:3:      layout_loops_cross, nicolae_yredelemnul_corpse_copse, hex_large,
          chequers_serial_rivers_micro_e, corexii_leaking_fountain,
          kennysheep_small_spiral
D:4:      layout_layer_cave, mainiacjoe_overflow_small_starburst,
          nicolae_ru_sacrificial_ziggurat, minmay_temple_entry_stoned_glass,
          serial_shops, shop, shop, uniq_robin
D:5:      layout_cave_pools
D:6:      layout_cave_pools, regret_index_temple_of_mockery,
          kennysheep_pointless_box, nicolae_shop_firing_range, uniq_pikel
D:7:      layout_cave_pools, nicolae_vehumet_altar_sigil, trog_hazing_becter,
          amcnicky_altar_gilded
D:8:      layout_loops_corners, grunt_ministairs_2
D:9:      layout_roguey, pdpol_wu_jian_five_deadly_venoms, lair_entry_dummy,
          orc_0_dummy, enter_bailey_3, hangedman_decor_clover_reticule,
          chequers_serial_rivers_micro_d, minmay_shop_enchanted_jewellery,
          minmay_misc_feat_columns, nicolae_nh_ransacked_shop, uniq_harold
D:10:     layout_stronghold, serial_demonic, serial_demonic_g, serial_demonic_d,
          serial_demonic_g, serial_demonic_e
D:11:     dreamdust_cave_troll, layout_cave_pools, special_room
          [special_room_bee], uniq_erica
D:12:     layout_loops_ring, nicolae_trove_entry_free_sample,
          wad_floor_pattern_untrapped, uniq_psyche
D:14:     layout_basic, david_vaults_4, special_room [special_room_orc],
          uniq_lodul
Temple:   hellmonk_temple_forest_ring
Lair:1:   layout_cave_pods, lemuel_fruit_fields
Lair:2:   layout_gridlike, elwin_shoals_entry_rocks, guppyfry_snake_entry_island
Lair:3:   layout_gridlike, special_room [special_room_mythical_zoo]
Lair:4:   layout_gridlike, minmay_slime_entry_pillars, gammafunk_ghost_cemetery,
          beast_lair_carwin_6, infiniplex_staircase_pool, uniq_rupert
Lair:5:   guppyfry_lair_end_dragon, layout_cave_pods, hangedman_lair_in_review,
          st_stairs_8

Skill      XL: |  1  2  3  4  5  6  7  8  9 10 11 12 13 14 |
---------------+-------------------------------------------+-----
Armour         | 1 3 4 5 6 7 |  7.0
Ranged Weapons | 5 6 7 8 9 10 13 14 15 17 19 | 19.0
Fighting       | 3 4 5 7 8 9 10 11 12 | 12.7
Dodging        | 2 4 5 6 7 |  7.0
Invocations    | 1 4 7 10 | 10.0
Stealth        | |  1.1

Action                     |  1- 3 |  4- 6 |  7- 9 | 10-12 | 13-15 || total
---------------------------+-------+-------+-------+-------+-------++-------
   Fire: Shortbow          |    84 |   135 |   174 |       |       ||   393
         Longbow           |       |       |   148 |   457 |   210 ||   815
         Triple crossbow   |       |       |       |       |   289 ||   289
 Invoke: Heroism           |       |       |    12 |    18 |    20 ||    50
         Finesse           |       |       |       |       |     6 ||     6
    Use: Scroll            |     6 |     2 |     9 |     7 |    11 ||    35
         Potion            |       |     3 |     3 |     1 |       ||     7
 Armour: Leather armour    |    21 |    35 |    29 |       |       ||    85
         Ring mail         |     4 |       |    51 |    53 |   170 ||   278
  Dodge: Dodged            |    25 |    24 |   135 |    96 |   669 ||   949
  Block: Other             |     3 |    13 |    42 |    15 |       ||    73
         Reflection        |       |     1 |     2 |     1 |       ||     4

Table legend:
 A = Non-vault XP
 B = Vault XP
 C = Vault XP percentage of total XP
 D = Non-vault monster count
 E = Vault monster count
 F = Vault count percentage of total count
                 A         B        C        D         E       F
            +---------+---------+-------+---------+---------+-------
      Total |   53881 |   30786 |  36.4 |     321 |     149 |  31.7
            +---------+---------+-------+---------+---------+-------
        D:1 |      27 |       0 |   0.0 |      16 |       0 |   0.0
        D:2 |      22 |       0 |   0.0 |       6 |       0 |   0.0
        D:3 |      28 |      35 |  55.6 |      12 |       4 |  25.0
        D:4 |     655 |      38 |   5.5 |      29 |      13 |  31.0
        D:5 |     385 |       0 |   0.0 |      17 |       0 |   0.0
        D:6 |     996 |     679 |  40.5 |      28 |       4 |  12.5
        D:7 |    1251 |     391 |  23.8 |      22 |      11 |  33.3
        D:8 |    2683 |     124 |   4.4 |      19 |       2 |   9.5
        D:9 |    2278 |     997 |  30.4 |      20 |      13 |  39.4
       D:10 |    2271 |     413 |  15.4 |      12 |       2 |  14.3
       D:11 |    4984 |    3333 |  40.1 |      13 |      27 |  67.5
       D:14 |    2501 |       0 |   0.0 |       4 |       0 |   0.0
     Lair:1 |    5443 |       0 |   0.0 |      23 |       0 |   0.0
     Lair:2 |    5733 |     319 |   5.3 |      20 |       2 |   9.1
     Lair:3 |    8122 |    4952 |  37.9 |      27 |      25 |  48.1
     Lair:4 |    5825 |    5130 |  46.8 |      22 |      12 |  35.3
     Lair:5 |   10677 |   14375 |  57.4 |      31 |      34 |  52.3
            +---------+---------+-------+---------+---------+-------
